 Dungeon Crawl Stone Soup version 0.21.0-37-g46506fa (webtiles) character file.

849028 nikopol the Conqueror (level 27, -2/179 HPs)
             Began as a Gargoyle Fighter on Jan 27, 2018.
             Was the Champion of Okawaru.
             Killed from afar by Cerebov (58 damage)
             ... with an iron shot
             ... in Pandemonium on Jan 30, 2018.
             The game lasted 06:49:41 (75978 turns).

nikopol the Conqueror (Gargoyle Fighter)           Turns: 75978, Time: 06:49:42

Health: -2/179     AC: 69    Str: 37    XL:     27
Magic:  18/18      EV: 19    Int: 14    God:    Okawaru [******]
Gold:   7202       SH: 23    Dex: 18    Spells: 16/26 levels left

rFire    + + .     SeeInvis +   a - +9 broad axe (elec)
rCold    + . .     Gourm    .   Z - +2 shield {reflect}
rNeg     + + +     Faith    .   v - +7 plate armour of Satisfaction {-Cast rPois MR++ SInv}
rPois    ∞         Spirit   .   N - +2 hat {MR+}
rElec    +         Reflect  +   d - +2 cloak of the Will of the Gods {rC+ rCorr Int+6}
rCorr    +         Harm     .   G - +3 pair of gauntlets of War {Slay+5}
MR       +++++     NoCast   +   B - +1 pair of boots of Amelioration {rElec Slay+2}
Stlth    ..........             r - amulet "Viluo" {rN++ Regen+ Dex+3}
HPRegen  0.79/turn              A - ring of Lady Luck {AC+5 Dex+5}
MPRegen  0.16/turn              H - ring "Mukliyli" {rElec rF+ rN+ Str+3}

@: mighty, heroism, flying, very slightly contaminated
A: antennae 1, big wings, clumsy 1, deterioration 1, dopey 1, fire resistance 1,
frail 1, low mp 3, negative energy resistance 1, shaggy fur 1, electricity
resistance, unbreathing, petrification resistance, rot immunity, subdued magic
1, MP-powered wands, AC +20
}: 6/15 runes: barnacled, silver, demonic, glowing, dark, gossamer
a: Stop Flying, Heroism, Finesse, Renounce Religion


You were in Pandemonium.
You worshipped Okawaru.
Okawaru was exalted by your worship.
You were not hungry.

You visited 9 branches of the dungeon, and saw 45 of its levels.
You visited Pandemonium 1 time, and saw 10 of its levels.
You visited the Abyss 1 time.
You also visited: Sewer, Ice Cave and Volcano.

You collected 9372 gold pieces.
You spent 2170 gold pieces at shops.

Inventory:

Hand Weapons
 a - a +9 broad axe of electrocution (weapon)
 g - the +10 morningstar "Eos" {elec, Halo rElec}
   (Okawaru gifted it to you in Pandemonium)

   Occasionally, upon striking a foe, it will discharge some electrical energy
   and cause terrible harm.
   It insulates you from electricity.
Missiles
 e - 18 poisoned tomahawks
 K - 8 throwing nets
 O - 5 tomahawks (quivered)
 Q - 14 tomahawks of dispersal
Armour
 d - the +2 cloak of the Will of the Gods (worn) {rC+ rCorr Int+6}
   (You found it on level 3 of the Elven Halls)

   It affects your intelligence (+6).
   It protects you from cold.
   It protects you from acid and corrosion.
 v - the +7 plate armour of Satisfaction (worn) {-Cast rPois MR++ SInv}
   (You found it on level 6 of the Lair of Beasts)

   It protects you from poison.
   It affects your resistance to hostile enchantments.
   It lets you see invisible.
   It prevents spellcasting.
 B - the +1 pair of boots of Amelioration (worn) {rElec Slay+2}
   (You found it in a volcano)

   It affects your accuracy and damage with ranged weapons and melee attacks
   (+2).
   It insulates you from electricity.
 G - the +3 pair of gauntlets of War (worn) {Slay+5}
   (Okawaru gifted it to you on level 6 of the Lair of Beasts)

   It affects your accuracy and damage with ranged weapons and melee attacks
   (+5).
 J - the +6 large shield of Vyhew {rF++}
   (Okawaru gifted it to you in Pandemonium)

   It greatly protects you from fire.
 N - a +2 hat of magic resistance (worn)
 Z - a +2 shield of reflection (worn)
Jewellery
 r - an amulet "Viluo" (around neck) {rN++ Regen+ Dex+3}
   (You found it on level 4 of the Spider Nest)

   [amulet of regeneration]

   It affects your dexterity (+3).
   It greatly protects you from negative energy.
   It increases your rate of regeneration.
 A - the ring of Lady Luck (left hand) {AC+5 Dex+5}
   (You found it on level 3 of the Elven Halls)

   [ring of protection]

   It affects your AC (+5).
   It affects your dexterity (+5).
 H - the ring "Mukliyli" (right hand) {rElec rF+ rN+ Str+3}
   (You found it on level 1 of the Spider Nest)

   [ring of positive energy]

   It affects your strength (+3).
   It protects you from fire.
   It insulates you from electricity.
   It protects you from negative energy.
 V - the ring "Obecwug" {rN+ Str+2 Slay+4}
   (You took it off a balrug in Pandemonium)

   [ring of slaying]

   It affects your strength (+2).
   It affects your accuracy and damage with ranged weapons and melee attacks
   (+4).
   It protects you from negative energy.
Wands
 j - a wand of acid (62)
 l - a wand of iceblast (39)
 m - a wand of paralysis (60)
 q - a wand of flame (191)
 t - a wand of disintegration (68)
 y - a wand of clouds (21)
 P - a wand of scattershot (12)
 T - a wand of digging (69)
 U - a wand of enslavement (63)
Scrolls
 b - 12 scrolls of enchant weapon
 c - 7 scrolls of blinking
 h - 2 scrolls of summoning
 i - 19 scrolls of teleportation
 s - 14 scrolls of amnesia
 x - a scroll of brand weapon
 E - 7 scrolls of fear
 I - a scroll of enchant armour
 L - 2 scrolls of fog
 M - 13 scrolls of remove curse
 W - 6 scrolls of holy word
 X - 8 scrolls of identify
 Y - 9 scrolls of magic mapping
Potions
 k - 4 potions of ambrosia
 n - 8 potions of haste
 o - 22 potions of heal wounds
 p - 33 potions of curing
 u - 9 potions of mutation
 w - 6 potions of agility
 z - 6 potions of brilliance
 C - 2 potions of berserk rage
 D - 5 potions of invisibility
 F - 14 potions of might
 R - 5 potions of cancellation
 S - 5 potions of resistance
Comestibles
 f - 103 rations


   Skills:
 O Level 27 Fighting
 O Level 27 Axes
 + Level 2.7(25.2) Maces & Flails
 + Level 14.6(19.6) Throwing
 + Level 20.4(25.4) Armour
 + Level 8.3(13.3) Dodging
 + Level 5.0(10.0) Stealth
 O Level 27 Shields
 + Level 4.0 Invocations
 + Level 2.0 Evocations


You had 16 spell levels left.
You knew the following spells:

 Your Spells              Type           Power        Failure   Level  Hunger
a - Blink                 Tloc           N/A          67%         2    ###....
b - Controlled Blink      Tloc           N/A          100%        8    #######


Dungeon Overview and Level Annotations

Branches:
Dungeon (15/15)            Temple (1/1) D:5            Lair (6/6) D:8
 Shoals (4/4) Lair:3       Spider (4/4) Lair:4        Slime (0/5) Lair:6
    Orc (2/2) D:12            Elf (3/3) Orc:2        Vaults (5/5) D:14
  Crypt (0/3) Vaults:3     Depths (5/5) D:15            Zot (0/5) Depths:5

Altars:
Ashenzari
Cheibriados
Dithmenos
Elyvilon
Fedhas
Kikubaaqudgha
Makhleb
Okawaru
Qazlal
Sif Muna
Trog
Uskayaw
Xom
Zin
The Shining One
Lugonu

Shops:
D:10 !   D:11 (   D:12 %   Orc:1 =   Orc:2 %[([   Elf:1 %[[*   Elf:3 (
Shoals:1 [   Vaults:2 (   Vaults:3 }*(   Vaults:4 [   Depths:1 *   Depths:2 }[
Depths:4 !

Portals:
Hell: Depths:1 Depths:2 Depths:3 Depths:4 Depths:5
Abyss: Depths:1 Depths:3 Depths:4
Pandemonium: Depths:1 Depths:3
Ziggurat: Depths:4

Annotations:
D:6 Prince Ribbit
Shoals:2 Polyphemus
Pan Cerebov


Innate Abilities, Weirdness & Mutations

You are resistant to torment.
Your stone body is resilient. (AC +20)
You are immune to poison.
Your large and strong wings let you fly indefinitely.
You resist negative energy. (rN+)
You are resistant to electric shocks. (rElec)
You can survive without breathing.
You are immune to petrification.
You are immune to rotting.
You have a pair of small antennae on your head.
You are clumsy. (Dex -2)
Your body sometimes deteriorates upon taking damage.
You are dopey. (Int -2)
Your flesh is heat resistant. (rF+)
You are frail. (-10% HP)
Your magical capacity is extremely low. (-30% MP)
You are covered in fur. (AC +1)
Your spells are a little easier to cast, but a little less powerful.
You expend magic power (3 MP) to strengthen your wands.


Message History

You slice Cerebov like a ripe choko!!!
Cerebov is severely wounded.
Cerebov hits you but does no damage.
You slash Cerebov!
Cerebov is severely wounded.
You open Cerebov like a pillowcase!!!
Cerebov is almost dead.
Cerebov closely misses you.
You hit Cerebov.
Cerebov is almost dead.
You feel less vulnerable to fire. You block Cerebov's attack.
You completely miss Cerebov.
Cerebov is almost dead.
You block Cerebov's attack.
You closely miss Cerebov.
Cerebov is almost dead.
Cerebov gestures at you. The iron shot hits you!
You die...

#.......§§)§...§...(.....
#......§..R..§§v..v......
.#.....)..()..§v§(§.......
........########.#########
....R.#..# ##.#
.....§##)## #.(#
......##..# ##(##
..........####&(#
.........)...@)##
.........#......#
.......#......#########
##.....##.....#.(.....#
#.....##.....#.#####.#
###### ##.####.# #.#
#####..###.# #.#
#........#.### #.#
#......))#.#.###.#


You could see Cerebov.

Vanquished Creatures
  Gloorx Vloq (Pan)
  A seraph (Pan)
  Mnoleg (Pan)
  An ancient lich (Vaults:5)
  Mennas (Vaults:4)
  2 juggernauts
  3 pandemonium lords (Pan)
  Sojobo (Depths:1)
  Saint Roka (Vaults:3)
  Xtahua (Vaults:4)
  Bai Suzhen (Shoals:3)
  5 caustic shrikes
  A profane servitor (Abyss:3)
  Nikola (Depths:1)
  6 golden dragons
  6 bone dragons
  A pearl dragon (Pan)
  Arachne (Spider:3)
  Jory (Depths:4)
  7 Brimstone Fiends (Pan)
  Jorgrun (Depths:2)
  11 liches
  6 tentacled monstrosities
  4 Ice Fiends (Pan)
  4 deep elf blademasters
  2 deep elf master archers (Elf:3)
  4 quicksilver dragons
  31 Executioners (Pan)
  An eldritch tentacle (Pan)
  9 sphinxes
  Gastronok (Lair:2)
  5 titans
  11 tentacled starspawn
  2 krakens (Shoals:4)
  8 tengu reavers
  6 shadow dragons
  3 storm dragons
  5 warmongers (Pan)
  29 daevas (Pan)
  13 fire giants
  Ilsuiw (Shoals:4)
  2 draconian monks (Depths:5)
  14 frost giants
  Donald (Spider:4)
  An orc warlord (Vaults:4)
  Aizul (Shoals:2)
  9 deep elf sorcerers
  9 emperor scorpions
  6 ghost moths
  4 vault wardens
  20 balrugs (Pan)
  17 cacodemons (Pan)
  2 curse skulls
  Louise (Depths:4)
  4 black suns (Pan)
  7 deep elf elementalists
  A ghoul (Vaults:5)
  6 spriggan defenders
  12 reapers
  A draconian shifter (Depths:5)
  A draconian annihilator (Abyss:1)
  25 ophanim (Pan)
  The ghost of Zorot the Grappler, a journeyman TrMo of Cheibriados (D:12)
  20 stone giants
  4 war gargoyles
  A blood saint (Pan)
  53 angels
  31 very ugly things
  45 apis (Pan)
  16 ironheart preservers
  3 entropy weavers
  12 deep elf demonologists
  2 green draconians
  3 yellow draconians
  66 starcursed masses
  20 lorocyprocas
  9 deep elf annihilators
  3 corrupters (Pan)
  A vampire knight (Depths:3)
  2 red draconians (Depths:5)
  10 spark wasps
  5 merfolk javelineers (Shoals:4)
  4 blizzard demons (Pan)
  3 deep elf death magi
  The ghost of jazmu the Cleaver, a journeyman DDGl of Makhleb (Lair:1)
  7 merfolk impalers
  11 deep elf high priests
  8 great orbs of eyes
  8 green deaths (Pan)
  A quicksilver dragon zombie (Abyss:2)
  18 ettins
  18 ogre magi
  16 yaktaur captains
  30 vault guards
  A monstrous demonspawn (Pan)
  7 hell beasts (Pan)
  8 rakshasas
  A quicksilver dragon skeleton (Pan)
  11 ice dragons
  2 naga warriors (Abyss:3)
  9 fire dragons
  2 alligator snapping turtles
  6 spriggan air magi
  Harold (Lair:2)
  A two-headed ogre (shapeshifter) (Depths:2)
  5 hydras
  The ghost of inmateoo the Thaumaturge, a journeyman GnWr of Ru (D:11)
  4 merfolk avatars
  3 catoblepae
  5 death knights
  7 centaur warriors
  8 merfolk aquamancers
  A satyr (Shoals:3)
  An alligator (shapeshifter) (Vaults:5)
  15 deep troll shamans
  6 tengu warriors
  The ghost of soepske the Blocker, a novice FoFi of Qazlal (D:8)
  A death yak (shapeshifter) (Vaults:5)
  9 thrashing horrors
  7 deep troll earth magi
  6 hell hogs
  12 death yaks
  52 two-headed ogres
  27 dancing weapons
  2 vampire magi
  Urug (Lair:2)
  29 sun demons (Pan)
  14 wretched stars
  5 hell knights
  41 soul eaters (Pan)
  An orc high priest (Elf:1)
  Sonja (D:12)
  24 deep elf knights
  8 spriggan berserkers
  2 fire crabs (Shoals:1)
  A titan skeleton (Pan)
  9 shadow wraiths
  8 iron trolls
  19 sixfirhies
  Nergalle (Lair:2)
  5 spatial maelstroms
  10 sea snakes
  A quicksilver dragon simulacrum (Abyss:4)
  A sea snake (shapeshifter) (Depths:4)
  4 unseen horrors
  2 infernal demonspawn (Pan)
  26 cherubim (Pan)
  4 torturous demonspawn (Pan)
  28 deep trolls
  5 flayed ghosts
  A fire crab (shapeshifter) (Depths:3)
  A glowing orange brain (shapeshifter) (Abyss:3)
  2 anaconda skeletons
  20 shadow demons
  21 deep elf archers
  16 ironbrand convokers
  6 necromancers
  4 gelid demonspawn (Pan)
  16 harpies
  5 glowing orange brains
  16 orb spiders
  7 wizards
  9 orc knights
  53 ugly things
  A wolf spider zombie (D:8)
  A shining eye (Depths:4)
  4 phantasmal warriors
  30 wolf spiders
  14 fauns
  63 deep elf magi
  6 cyclopes
  A wolf spider (shapeshifter) (Abyss:3)
  A shadow dragon skeleton (Pan)
  9 orc sorcerers
  A salamander (Volcano)
  10 manticores
  A moth of wrath (Spider:4)
  6 elephants (Lair:3)
  A manticore (shapeshifter) (Vaults:5)
  A worldbinder (Abyss:3)
  3 centaur zombies (D:10)
  2 fire giant skeletons (Pan)
  2 ice statues (IceCv)
  7 merfolk sirens
  A guardian serpent (Abyss:3)
  2 stone giant skeletons (Pan)
  4 torpor snails
  3 black mambas
  14 smoke demons
  17 vault sentinels
  2 eyes of devastation
  2 rust devils
  A frost giant skeleton (Pan)
  5 water nymphs
  23 spiny frogs
  27 orange demons
  A gargoyle (D:15)
  A rime drake (shapeshifter) (Vaults:3)
  2 dire elephant skeletons (Pan)
  A storm dragon simulacrum (Abyss:3)
  3 kobold demonologists (D:14)
  4 hellions (Pan)
  4 komodo dragons
  6 rime drakes
  42 yaktaurs
  9 freezing wraiths
  8 ancient zymes
  6 efreet
  41 demonic crawlers
  15 tormentors
  9 tengu conjurers
  A redback zombie (D:15)
  7 hellwings (Pan)
  21 red devils (Pan)
  17 polar bears
  6 trolls
  2 ice devils (Pan)
  3 tyrant leeches (Lair:6)
  22 blink frogs
  A silent spectre (Abyss:5)
  A hornet (shapeshifter) (Elf:3)
  9 hornets
  A queen bee (Lair:1)
  28 jumping spiders
  18 small abominations
  37 merfolk
  20 raiju
  2 raiju (shapeshifter)
  5 wind drakes
  A harpy skeleton (D:15)
  A shadow dragon simulacrum (Vaults:4)
  A dream sheep (shapeshifter) (Depths:3)
  8 hippogriffs
  7 dream sheep
  11 snapping turtles
  9 air elementals
  83 large abominations
  34 slime creatures
  2 ettin skeletons
  A flying skull (Vaults:3)
  2 ice dragon skeletons (Pan)
  81 redbacks
  Sigmund (D:3)
  32 tarantellas
  2 fire dragon skeletons
  5 vampires
  2 spriggans
  An alligator skeleton (Pan)
  23 water elementals
  4 wraiths
  56 yaks
  23 ynoxinuls
  A spriggan (shapeshifter) (D:14)
  5 wyverns
  A black mamba skeleton (Abyss:3)
  Grum (D:8)
  3 hungry ghosts
  3 yaks (shapeshifter)
  7 fire bats
  3 golden eyes (shapeshifter)
  29 neqoxecs
  A steam dragon (D:15)
  A fire elemental (Elf:3)
  18 humans (D:14)
  44 chaos spawn
  19 vampire mosquitoes
  2 basilisks
  5 spatial vortices
  6 wargs
  2 acid dragons
  A floating eye (Depths:4)
  2 hell hounds (Volcano)
  14 water moccasins
  4 porcupines
  A floating eye (shapeshifter) (Depths:3)
  A swamp drake (Orc:1)
  4 ice beasts
  4 sky beasts
  3 black bears
  13 eyes of draining
  48 ogres
  29 orc warriors
  27 wolves
  2 phantoms (D:5)
  A boggart (Depths:2)
  5 centaurs
  6 crocodiles
  A snapping turtle skeleton (Pan)
  11 big kobolds
  22 bullfrogs
  An earth elemental (Elf:2)
  A wyvern skeleton (D:9)
  2 scorpions
  A water moccasin skeleton (D:10)
  2 elf simulacra (Vaults:4)
  26 killer bees (Lair:1)
  4 electric eels
  5 howler monkeys
  20 wights
  18 crimson imps
  A bullfrog zombie (D:9)
  3 hounds
  3 quasits
  13 orc priests
  4 iron imps
  9 jellies
  29 orc wizards
  2 bullfrog skeletons (D:10)
  A human skeleton (Pan)
  3 iguanas
  7 worker ants
  2 worker ant zombies
  10 adders
  7 gnolls
  5 river rats
  3 shadow imps
  2 white imps
  4 ufetubi
  4 oozes
  2 adder skeletons
  2 adder zombies
  2 worms
  5 dart slugs
  2 leopard geckos (D:2)
  85 orcs
  7 ball pythons
  5 bats
  8 giant cockroaches
  9 goblins
  12 hobgoblins
  17 jackals
  4 quokkas
  10 frilled lizards
  35 kobolds
  A leopard gecko skeleton (D:6)
  30 rats
  2 crawling corpses (Vaults:5)
  7 fire vortices (Pan)
  26 fungi
  A lurking horror (Abyss:4)
  46 plants
  14 starspawn tentacles
  8 tentacles (Shoals:4)
3315 creatures vanquished.

Vanquished Creatures (others)
  A caustic shrike (Depths:5)
  A balrug (Pan)
  A stone giant (Depths:1)
  A blood saint (Pan)
  A vampire knight (Depths:3)
  A deep elf death mage (Elf:3)
  A merfolk javelineer (Shoals:4)
  4 yaktaur captains
  A centaur warrior (Vaults:1)
  2 satyrs
  2 tengu warriors (Depths:1)
  2 deep elf archers
  A deep elf mage (Elf:1)
  A water nymph (Shoals:2)
  8 yaktaurs
  A large abomination (Abyss:4)
  A hellwing (Abyss:4)
  2 merfolk (Shoals:4)
  A raiju (Abyss:4)
  A ynoxinul (Pan)
  A hungry ghost (Abyss:4)
  3 centaurs
  A small abomination (Abyss:3)
  An adder skeleton (D:6)
  An orc (Vaults:3)
  A quokka (D:6)
  2 demonic plants (Abyss:3)
  10 fungi
  4 lurking horrors
  29 plants
  19 starspawn tentacles
  8 tentacles (Shoals:4)
114 creatures vanquished.

Grand Total: 3429 creatures vanquished

Notes
Turn   | Place    | Note
-------+----------+-------------------------------------------
     0 | D:1      | nikopol the Gargoyle Fighter began the quest for the Orb.
     0 | D:1      | Reached XP level 1. HP: 14/14 MP: 1/1
    23 | D:1      | Reached XP level 2. HP: 16/19 MP: 2/2
   189 | D:1      | Reached XP level 3. HP: 23/23 MP: 3/3
   490 | D:2      | Found a blossoming altar of Fedhas.
   601 | D:2      | Reached XP level 4. HP: 27/29 MP: 4/4
   788 | D:2      | Found a stormy altar of Qazlal.
  1198 | D:3      | Reached XP level 5. HP: 31/33 MP: 5/5
  1807 | D:3      | Noticed Sigmund
  1817 | D:3      | Killed Sigmund
  1817 | D:3      | Reached XP level 6. HP: 32/38 MP: 6/6
  1828 | D:3      | Upgraded the game from 0.21.0-26-g889b8f6 to 0.21.0-30-g47ce8e4
  2770 | D:4      | Reached XP level 7. HP: 35/44 MP: 7/7
  3015 | D:4      | Reached skill level 1 in Dodging
  3296 | D:4      | Reached skill level 5 in Axes
  3721 | D:5      | Entered Level 5 of the Dungeon
  3919 | D:5      | Found a burning altar of Makhleb.
  4005 | D:5      | Learned a level 2 spell: Blink
  4029 | D:5      | Found a staircase to the Ecumenical Temple.
  4035 | Temple   | Entered the Ecumenical Temple
  4046 | Temple   | Became a worshipper of Warmaster Okawaru
  4137 | D:5      | Found a deep blue altar of Sif Muna.
  4208 | D:5      | Reached skill level 5 in Fighting
  4397 | D:5      | Reached skill level 5 in Armour
  4397 | D:5      | Reached XP level 8. HP: 49/49 MP: 8/8
  4521 | D:6      | Found a glowing drain.
  4557 | Sewer    | Entered a sewer
  5209 | Sewer    | Reached skill level 5 in Shields
  5377 | D:6      | Reached * piety under Okawaru
  5638 | D:6      | Reached skill level 1 in Stealth
  5907 | D:6      | Found a white marble altar of Elyvilon.
  6037 | D:6      | Noticed Prince Ribbit
  6383 | D:6      | Reached skill level 1 in Throwing
  6727 | D:7      | Found a glowing golden altar of the Shining One.
  6728 | D:7      | Found a hide-covered altar of Uskayaw.
  6819 | D:7      | Reached XP level 9. HP: 53/54 MP: 9/9
  6825 | D:7      | Reached ** piety under Okawaru
  7189 | D:8      | Noticed Grum
  7553 | D:8      | Killed Grum
  7785 | D:8      | Noticed soepske's ghost (novice FoFi)
  7851 | D:8      | Killed soepske's ghost
  7851 | D:8      | Reached *** piety under Okawaru
  7851 | D:8      | Reached XP level 10. HP: 54/60 MP: 10/10
  7876 | D:8      | Noticed a death yak
  7877 | D:8      | Noticed a death yak
  7881 | D:8      | Noticed a death yak
  7930 | D:7      | Killed a death yak
  8257 | D:8      | Found a staircase to the Lair.
  8293 | D:8      | Noticed a death yak
  8346 | D:8      | Killed a death yak
  8525 | D:8      | Noticed a death yak
  8526 | D:8      | Noticed a death yak
  8527 | D:8      | Noticed a death yak
  8580 | D:8      | Noticed a death yak
  8612 | D:7      | Killed a death yak
  8612 | D:7      | Reached **** piety under Okawaru
  8612 | D:7      | Reached skill level 10 in Axes
  8798 | D:7      | Killed a death yak
  8949 | Lair:1   | Entered Level 1 of the Lair of Beasts
  9056 | Lair:1   | Found a dark tunnel.
  9062 | Volcano  | Entered a volcano
  9108 | Volcano  | Noticed a two-headed ogre
  9108 | Volcano  | Noticed a two-headed ogre
  9110 | Volcano  | Noticed a two-headed ogre
  9115 | Volcano  | Killed a two-headed ogre
  9115 | Volcano  | Reached ***** piety under Okawaru
  9115 | Volcano  | Reached skill level 1 in Invocations
  9115 | Volcano  | Reached XP level 11. HP: 53/67 MP: 8/11
  9127 | Volcano  | Killed a two-headed ogre
  9142 | Volcano  | Killed a two-headed ogre
  9335 | Volcano  | Got a pair of ichor-stained boots
  9364 | Volcano  | Identified the +1 pair of boots of Amelioration {rElec Slay+2} (You found it in a volcano)
  9493 | Volcano  | Noticed a salamander
  9516 | Volcano  | Killed a salamander
 10355 | Lair:1   | Received a gift from Okawaru
 10827 | Lair:1   | Noticed jazmu's ghost (journeyman DDGl)
 10980 | Lair:2   | Noticed Nergalle
 10994 | Lair:2   | Killed Nergalle
 10994 | Lair:2   | Received a gift from Okawaru
 11054 | Lair:2   | Noticed Harold
 11067 | Lair:2   | Killed Harold
 11117 | Lair:2   | Reached XP level 12. HP: 61/75 MP: 13/13
 11118 | Lair:2   | Found an ancient bone altar of Kikubaaqudgha.
 11206 | Lair:2   | Noticed Gastronok
 11221 | Lair:2   | Killed Gastronok
 11221 | Lair:2   | Received a gift from Okawaru
 11221 | Lair:2   | Reached skill level 10 in Shields
 11228 | Lair:2   | Got a slimy broad axe {god gift}
 11229 | Lair:2   | Identified the +5 broad axe "Mimn" {chop, rPois Stlth+} (Okawaru gifted it to you on level 2 of the Lair of Beasts)
 11685 | Lair:2   | Noticed Urug
 11749 | Lair:2   | Killed Urug
 12327 | Lair:3   | Found a staircase to the Shoals.
 12558 | Lair:3   | Noticed a seven-headed hydra
 12631 | Lair:3   | Received a gift from Okawaru
 12720 | Lair:3   | Killed a seven-headed hydra
 12948 | Lair:3   | Reached skill level 1 in Maces & Flails
 13463 | Lair:3   | Noticed a catoblepas
 13481 | Lair:4   | Found a frozen archway.
 13487 | Lair:4   | Received a gift from Okawaru
 13496 | IceCv    | Entered an ice cave
 13504 | IceCv    | Reached XP level 13. HP: 65/80 MP: 14/14
 13613 | IceCv    | Reached ****** piety under Okawaru
 14468 | IceCv    | Received a gift from Okawaru
 14468 | IceCv    | Reached skill level 10 in Fighting
 14558 | IceCv    | Noticed a frost giant
 14578 | IceCv    | Killed a frost giant
 14770 | IceCv    | Got an ichor-stained great mace
 15299 | Lair:4   | Found a hole to the Spider Nest.
 15313 | Lair:4   | You fall through a shaft!
 16481 | Lair:5   | Gained mutation: Your large and strong wings let you fly indefinitely. [Gargoyle growth]
 16481 | Lair:5   | Reached XP level 14. HP: 88/88 MP: 15/15
 16959 | Lair:6   | Entered Level 6 of the Lair of Beasts
 16983 | Lair:6   | Received a gift from Okawaru
 17025 | Lair:6   | Received a gift from Okawaru
 17026 | Lair:6   | Found the +3 pair of gauntlets of War {Slay+5}
 17465 | Lair:6   | Got a transparent plate armour
 17785 | Lair:6   | Reached skill level 15 in Axes
 17790 | Lair:6   | Reached skill level 10 in Armour
 17824 | Lair:6   | Identified the +7 plate armour of Satisfaction {-Cast rPois MR++ SInv} (You found it on level 6 of the Lair of Beasts)
 18016 | Lair:6   | Found a staircase to the Slime Pits.
 18551 | Lair:1   | Killed jazmu's ghost
 19581 | D:9      | Received a gift from Okawaru
 19930 | D:9      | Found a shadowy altar of Dithmenos.
 20252 | D:10     | Entered Level 10 of the Dungeon
 20462 | D:10     | Reached XP level 15. HP: 93/96 MP: 6/16
 20529 | D:10     | Found Emicauh's Distillery.
 20537 | D:10     | Bought a potion of might for 68 gold pieces
 20537 | D:10     | Bought a potion of heal wounds for 85 gold pieces
 20698 | D:10     | Found a blossoming altar of Fedhas.
 20779 | D:10     | Found a hide-covered altar of Uskayaw.
 21203 | D:11     | Found Ugeedaj's Antique Weapon Emporium.
 21452 | D:11     | Noticed inmateoo's ghost (journeyman GnWr)
 21468 | D:11     | Killed inmateoo's ghost
 22172 | D:12     | Noticed Zorot's ghost (journeyman TrMo)
 22189 | D:12     | Killed Zorot's ghost
 22257 | D:12     | Found a staircase to the Orcish Mines.
 22328 | D:12     | Found Caawkem's Food Boutique.
 22421 | D:12     | Noticed Sonja
 22427 | D:12     | Killed Sonja
 22622 | Orc:1    | Entered Level 1 of the Orcish Mines
 22921 | Orc:1    | Found Cocw's Jewellery Emporium.
 23186 | Orc:2    | Entered Level 2 of the Orcish Mines
 23186 | Orc:2    | Found a staircase to the Elven Halls.
 23601 | Orc:2    | Received a gift from Okawaru
 23788 | Orc:2    | Found Zeun's Food Boutique.
 23788 | Orc:2    | Found Tyturokh's Weapon Emporium.
 23789 | Orc:2    | Found Xesifer's Armour Emporium.
 23789 | Orc:2    | Found Fetal's Antique Armour Shop.
 23792 | Orc:2    | Received a gift from Okawaru
 23897 | Orc:2    | Bought a runed cloak for 172 gold pieces
 24377 | D:13     | Received a gift from Okawaru
 25209 | D:14     | Reached XP level 16. HP: 101/103 MP: 17/17
 26072 | D:14     | Found a gate to the Vaults.
 26428 | D:15     | Entered Level 15 of the Dungeon
 26538 | D:15     | Received a gift from Okawaru
 26699 | D:15     | Found a staircase to the Depths.
 26757 | D:15     | Found a hide-covered altar of Uskayaw.
 27402 | Spider:1 | Entered Level 1 of the Spider Nest
 27414 | Spider:1 | Received a gift from Okawaru
 27486 | Spider:1 | Received a gift from Okawaru
 27489 | Spider:1 | Got a jewelled battleaxe {god gift}
 27527 | Spider:1 | Identified the +2 battleaxe of Courage {chop, +Blink +Inv rPois Dex+3} (Okawaru gifted it to you on level 1 of the Spider Nest)
 27923 | Spider:1 | Got a scintillating brass ring
 28209 | Spider:1 | Received a gift from Okawaru
 28600 | Spider:2 | Reached XP level 17. HP: 99/110 MP: 0/18
 29265 | Spider:3 | Noticed Arachne
 29281 | Spider:3 | Killed Arachne
 29387 | Spider:3 | Reached skill level 15 in Shields
 29422 | Spider:3 | Received a gift from Okawaru
 30019 | Spider:4 | Entered Level 4 of the Spider Nest
 30317 | Spider:4 | Identified the ring "Mukliyli" {rElec rF+ rN+ Str+3} (You found it on level 1 of the Spider Nest)
 30562 | Spider:4 | Got a scorched brass amulet
 30629 | Spider:4 | Received a gift from Okawaru
 30633 | Spider:4 | Noticed Donald
 30636 | Spider:4 | Got a pair of spiked gloves {god gift}
 30655 | Spider:4 | Identified the +0 pair of gloves of the Tired Scars {rElec rC+ Str-3 Int+3} (Okawaru gifted it to you on level 4 of the Spider Nest)
 30668 | Spider:4 | Killed Donald
 30668 | Spider:4 | Reached XP level 18. HP: 49/118 MP: 14/19
 31197 | Spider:4 | Reached skill level 15 in Fighting
 31430 | Spider:4 | Identified an amulet "Viluo" {rN++ Regen+ Dex+3} (You found it on level 4 of the Spider Nest)
 31620 | Spider:4 | Got a gossamer rune of Zot
 31893 | Shoals:1 | Entered Level 1 of the Shoals
 32675 | Shoals:1 | Found Gamuej's Antique Armour Shoppe.
 32861 | Shoals:2 | Noticed Polyphemus
 32874 | Shoals:2 | Noticed Aizul
 32883 | Shoals:2 | Killed Aizul
 33304 | Shoals:2 | Received a gift from Okawaru
 33905 | Shoals:3 | Noticed Bai Suzhen
 33922 | Shoals:3 | Killed Bai Suzhen
 34061 | Shoals:3 | Received a gift from Okawaru
 34176 | Shoals:3 | Received a gift from Okawaru
 34810 | Shoals:4 | Entered Level 4 of the Shoals
 34823 | Shoals:4 | Reached XP level 19. HP: 125/125 MP: 20/20
 35232 | Shoals:4 | Received a gift from Okawaru
 35247 | Shoals:4 | Noticed Ilsuiw
 35272 | Shoals:4 | Killed Ilsuiw
 35897 | Shoals:4 | Received a gift from Okawaru
 35950 | Shoals:4 | Got a scorched broad axe {god gift}
 35951 | Shoals:4 | Identified the +2 broad axe of Ivuerr Lany {antimagic, Int+3} (Okawaru gifted it to you on level 4 of the Shoals)
 35969 | Shoals:4 | Got a barnacled rune of Zot
 36409 | Elf:1    | Entered Level 1 of the Elven Halls
 36448 | Elf:1    | Received a gift from Okawaru
 36449 | Elf:1    | Found the +2 pair of boots of the Assassin {Detection Stab+ Stlth++}
 36984 | Elf:1    | Found Syfydav's Food Boutique.
 36994 | Elf:1    | Found Paps's Armour Boutique.
 37010 | Elf:1    | Found Wus Quz's Armour Boutique.
 37014 | Elf:1    | Found Robamuiq's Assorted Antiques.
 37698 | Elf:2    | Reached XP level 20. HP: 121/134 MP: 21/21
 37940 | Elf:2    | Found a runed gate.
 37940 | Elf:2    | Found a runed gate.
 37941 | Elf:2    | Found a runed gate.
 38123 | Elf:2    | Received a gift from Okawaru
 38140 | Elf:2    | Identified a +2 pair of boots of running (Okawaru gifted it to you on level 2 of the Elven Halls)
 38151 | Elf:2    | Identified a scroll of acquirement
 38152 | Elf:2    | Found the necklace of Bloodlust {*Rage +Rage MR++ Int-3 Slay+6 *Curse}
 38595 | Elf:3    | Entered Level 3 of the Elven Halls
 38927 | Elf:3    | Found Morucoe's Antique Weapon Shoppe.
 39664 | Elf:3    | Noticed a Tzitzimitl
 39674 | Elf:3    | Reached skill level 5 in Dodging
 39753 | Elf:2    | Received a gift from Okawaru
 39844 | Elf:3    | Noticed a Brimstone Fiend
 39923 | Elf:3    | Received a gift from Okawaru
 39982 | Elf:3    | Received a gift from Okawaru
 39998 | Elf:3    | Got a steaming ring mail {god gift}
 40003 | Elf:3    | Identified the +0 ring mail "Ibucw" {-Cast +Fly rPois Str+3} (Okawaru gifted it to you on level 3 of the Elven Halls)
 40064 | Elf:3    | Got a brightly glowing broad axe {vamp}
 40065 | Elf:3    | Identified the cursed +1 broad axe of Defence by Offence {vamp, rElec MR+} (You took it off a deep elf sorcerer on level 3 of the Elven Halls)
 40084 | Elf:3    | Reached XP level 21. HP: 141/141 MP: 22/22
 40127 | Elf:3    | Identified Fiyfoxyu's Reference Book on Captivating Venom
 40135 | Elf:3    | Upgraded the game from 0.21.0-30-g47ce8e4 to 0.21.0-34-g9234887
 40156 | Elf:3    | Got a smoking lapis lazuli ring
 40157 | Elf:3    | Identified the ring of Lady Luck {AC+5 Dex+5} (You found it on level 3 of the Elven Halls)
 40175 | Elf:3    | Got a steaming cloak
 40186 | Elf:3    | Identified the +2 cloak of the Will of the Gods {rC+ rCorr Int+6} (You found it on level 3 of the Elven Halls)
 40197 | Elf:3    | Identified the Compendium of Lethal Transmigration
 40268 | Elf:3    | Got a scorched silver ring
 40270 | Elf:3    | Identified the ring of the Lotus Blossom {*Corrode +Fly rF+ rN+} (You found it on level 3 of the Elven Halls)
 40276 | Elf:3    | Identified the Tome of Dusty Fire
 40446 | Vaults:1 | Entered Level 1 of the Vaults
 40824 | Vaults:1 | Reached skill level 5 in Throwing
 41058 | Vaults:1 | Got an ichor-stained chain mail
 41059 | Vaults:1 | Identified the +7 chain mail of Misanthropy {rElec rCorr Str-4} (You found it on level 1 of the Vaults)
 42099 | Vaults:2 | Received a gift from Okawaru
 42136 | Vaults:2 | Received a gift from Okawaru
 42184 | Vaults:2 | Got a distressingly furry scale mail
 42195 | Vaults:2 | Identified the cursed +0 scale mail of Ceorom {rElec Str+4} (You found it on level 2 of the Vaults)
 42508 | Vaults:2 | Received a gift from Okawaru
 42540 | Vaults:2 | Got a sapphire war axe {god gift}
 42541 | Vaults:2 | Identified the +1 war axe of the Endless Expanse {vamp, rPois rF+} (Okawaru gifted it to you on level 2 of the Vaults)
 42802 | Vaults:2 | Found Fanoqe's Weapon Shop.
 43189 | Vaults:3 | Noticed Saint Roka
 43287 | Vaults:3 | Killed Saint Roka
 43352 | Vaults:3 | Found a staircase to the Crypt.
 43688 | Vaults:3 | Received a gift from Okawaru
 43904 | Vaults:3 | Reached XP level 22. HP: 143/150 MP: 23/23
 43993 | Vaults:3 | Found Apuottiz's Antique Weapon Shoppe.
 44024 | Vaults:3 | Received a gift from Okawaru
 44040 | Vaults:3 | Found Uzeiler's Assorted Antiques.
 44040 | Vaults:3 | Found Qery's Gadget Shoppe.
 44061 | Vaults:3 | Bought a scroll of teleportation for 102 gold pieces
 44061 | Vaults:3 | Bought a scroll of enchant armour for 255 gold pieces
 44643 | Vaults:4 | Received a gift from Okawaru
 44776 | Vaults:4 | Noticed Mennas
 44819 | Vaults:4 | Killed Mennas
 44825 | Vaults:4 | Reached skill level 15 in Armour
 45081 | Vaults:4 | Received a gift from Okawaru
 45191 | Vaults:4 | Noticed Xtahua
 45202 | Vaults:4 | Killed Xtahua
 45356 | Vaults:4 | Found Sakef's Armour Boutique.
 45952 | Depths:1 | Entered Level 1 of the Depths
 45959 | Depths:1 | Found Gebuesoo's General Store.
 45961 | Depths:1 | Found a corrupted altar of Lugonu.
 45962 | Depths:1 | Found a one-way gate to the infinite horrors of the Abyss.
 45967 | Depths:1 | Bought a scroll of blinking for 82 gold pieces
 45967 | Depths:1 | Bought a scroll of summoning for 104 gold pieces
 46191 | Depths:1 | Reached XP level 23. HP: 156/158 MP: 24/24
 46218 | Depths:1 | Noticed Nikola
 46231 | Depths:1 | Killed Nikola
 46370 | Depths:1 | Noticed Sojobo
 46400 | Depths:1 | Killed Sojobo
 46668 | Depths:1 | Found a gateway to Hell.
 46783 | Depths:1 | Found a one-way gate leading to the halls of Pandemonium.
 47264 | Depths:2 | Noticed Jorgrun
 47280 | Depths:2 | Killed Jorgrun
 47292 | Depths:2 | Received a gift from Okawaru
 47356 | Depths:2 | Found Unocs's Armour Shop.
 47356 | Depths:2 | Found Uweuc's Gadget Boutique.
 47442 | Depths:2 | Noticed a caustic shrike
 47892 | Depths:2 | Found a blossoming altar of Fedhas.
 47977 | Depths:2 | Killed a caustic shrike
 48001 | Depths:2 | Got a smoking golden ring
 48006 | Depths:2 | Identified the ring "Giapnoo" {rElec MP+9 Dex+2} (You took it off a spriggan berserker on level 2 of the Depths)
 48024 | Depths:2 | Got a shimmering ivory ring
 48069 | Depths:2 | Identified the ring "Ughoko" {*Contam rElec rN++ MR+} (You took it off a frost giant on level 2 of the Depths)
 48077 | Depths:2 | Got a twitching pewter ring
 48088 | Depths:2 | Noticed a golden dragon
 48095 | Depths:2 | Killed a golden dragon
 48099 | Depths:2 | Got a scorched ivory amulet
 48104 | Depths:2 | Identified the amulet "Qomacoosk" {Harm *Drain rC- Str+3 Int+2} (You found it on level 2 of the Depths)
 48110 | Depths:2 | Identified the ring of the King {rF+ Str-2 Int+3 SInv Stlth+} (You took it off a spriggan defender on level 2 of the Depths)
 48556 | Depths:3 | Reached XP level 24. HP: 166/166 MP: 24/24
 48665 | Depths:3 | Received a gift from Okawaru
 48736 | Depths:3 | Noticed a juggernaut
 48759 | Depths:3 | Killed a juggernaut
 48759 | Depths:3 | Received a gift from Okawaru
 48825 | Depths:3 | Found a hide-covered altar of Uskayaw.
 48826 | Depths:3 | Found a blossoming altar of Fedhas.
 48826 | Depths:3 | Found a shattered altar of Ashenzari.
 49495 | Depths:3 | Got a spiked scale mail
 49507 | Depths:3 | Identified the +5 scale mail "Kiodel" {MP+9 Str+2} (You took it off a rakshasa on level 3 of the Depths)
 49528 | Depths:3 | Got a smoking pewter amulet
 49756 | Depths:3 | Identified the amulet "Firuaso Giun" {Gourm *Drain Dex+6} (You took it off a spriggan defender on level 3 of the Depths)
 49816 | Depths:3 | Noticed a caustic shrike
 49825 | Depths:3 | Killed a caustic shrike
 49828 | Depths:3 | Received a gift from Okawaru
 50174 | Depths:4 | Found Fiol's Distillery.
 50177 | Depths:4 | Bought a potion of might for 84 gold pieces
 50177 | Depths:4 | Bought 2 potions of might for 168 gold pieces
 50177 | Depths:4 | Bought a potion of experience for 1050 gold pieces
 50178 | Depths:4 | Reached XP level 25. HP: 173/173 MP: 25/25
 50259 | Depths:4 | Received a gift from Okawaru
 50301 | Depths:4 | Got a slimy scale mail {god gift}
 50321 | Depths:4 | Identified the +2 scale mail of Ponepn {*Contam MR+++ Int+5} (Okawaru gifted it to you on level 4 of the Depths)
 50335 | Depths:4 | Found a gateway to a ziggurat.
 50346 | Depths:4 | Gained mutation: Scrolls take you a little longer to read. [mutagenic glow]
 50354 | Depths:4 | Paralysed by a floating eye for 2 turns
 50357 | Depths:4 | Gained mutation: You are dopey. (Int -2) [a shining eye]
 50361 | Depths:4 | Gained mutation: You are very dopey. (Int -4) [a shining eye]
 50496 | Depths:4 | Noticed Louise
 50513 | Depths:4 | Killed Louise
 50791 | Depths:4 | Noticed Jory
 50801 | Depths:4 | Reached XP level 26. HP: 113/180 MP: 25/25
 50804 | Depths:4 | Killed Jory
 51014 | Depths:4 | Found the +2 Maxwell's thermic engine {flame, freeze, rF- rC-}
 51087 | Depths:4 | Got a twisted chain mail
 51101 | Depths:4 | Identified the +3 chain mail of Courage {*Contam rElec Str+7} (You found it on level 4 of the Depths)
 51408 | Depths:5 | Entered Level 5 of the Depths
 51668 | Depths:5 | Noticed a juggernaut
 51679 | Depths:5 | Killed a juggernaut
 51727 | Depths:5 | Found a shattered altar of Ashenzari.
 51815 | Depths:5 | Received a gift from Okawaru
 52248 | Depths:5 | Found a gate to the Realm of Zot.
 52482 | Depths:4 | Voluntarily entered the Abyss.
 52532 | Abyss:1  | Gained mutation: You are frail. (-10% HP) [a neqoxec]
 53017 | Abyss:2  | Found a corrupted altar of Lugonu.
 53433 | Abyss:3  | Received a gift from Okawaru
 53491 | Abyss:3  | Reached XP level 27. HP: 121/169 MP: 25/25
 53520 | Abyss:3  | Paralysed by accursed screaming for 2 turns
 53530 | Abyss:3  | Paralysed by accursed screaming for 1 turns
 54318 | Abyss:3  | Received a gift from Okawaru
 54323 | Abyss:3  | Got an encrusted scale mail {god gift}
 54327 | Abyss:3  | Paralysed by accursed screaming for 2 turns
 54334 | Abyss:3  | Paralysed by accursed screaming for 2 turns
 55390 | Abyss:5  | Entered Level 5 of the Abyss
 55390 | Abyss:5  | Found a transporter.
 55391 | Abyss:5  | Found a corrupted altar of Lugonu.
 55399 | Abyss:5  | Found a transporter.
 55406 | Abyss:5  | Paralysed by accursed screaming for 2 turns
 55516 | Depths:4 | Escaped the Abyss
 56021 | Vaults:5 | Entered Level 5 of the Vaults
 56048 | Vaults:5 | Received a gift from Okawaru
 56186 | Vaults:5 | Received a gift from Okawaru
 56513 | Vaults:5 | Got a slimy morningstar {flame}
 56514 | Vaults:5 | Identified the +4 morningstar of Joful {flame, +Rage MP+9} (You took it off a vault guard on level 5 of the Vaults)
 56543 | Vaults:5 | Identified the +0 scale mail "Ketum" {rElec Dex-5 SInv} (Okawaru gifted it to you on level 3 of the Abyss)
 56740 | Vaults:5 | Noticed an ancient lich
 56754 | Vaults:5 | Killed an ancient lich
 56936 | Vaults:5 | Reached skill level 10 in Throwing
 57141 | Vaults:5 | Found the ring of the Octopus King
 57171 | Vaults:5 | Identified the Almanac of Bewitchment and the Volcanoes
 57252 | Vaults:5 | Got a ring of the Octopus King
 57255 | Vaults:5 | Identified a ring of the Octopus King {AC+1 EV+1 Str+1 Int+1 Dex+1 SInv} (You found it on level 5 of the Vaults)
 57257 | Vaults:5 | Got a wavering pewter ring
 57260 | Vaults:5 | Identified the ring "Macyuf" {rPois rF+ Dex+4} (You found it on level 5 of the Vaults)
 57447 | Vaults:5 | Received a gift from Okawaru
 57609 | Vaults:5 | Got a silver rune of Zot
 58142 | Vaults:5 | Received a gift from Okawaru
 58169 | Vaults:5 | Identified the Incunabulum of Sinister Rites and Ice
 58646 | Pan      | Entered Pandemonium
 58746 | Pan      | Noticed Poag the pandemonium lord
 58769 | Pan      | Killed Poag the pandemonium lord
 59270 | Pan      | Found an exit through the horrors of the Abyss.
 59712 | Pan      | Entered the realm of Gloorx Vloq.
 59748 | Pan      | Received a gift from Okawaru
 59749 | Pan      | Found the +10 morningstar "Eos" {elec, Halo rElec}
 59759 | Pan      | Upgraded the game from 0.21.0-34-g9234887 to 0.21.0-37-g46506fa
 60427 | Pan      | Noticed Gloorx Vloq
 60738 | Pan      | Received a gift from Okawaru
 60741 | Pan      | Got a jewelled war axe {god gift}
 60742 | Pan      | Identified the +9 war axe of Defence {drain, rC+ Int+7} (Okawaru gifted it to you in Pandemonium)
 61291 | Pan      | Killed Gloorx Vloq
 61291 | Pan      | Received a gift from Okawaru
 61456 | Pan      | Got a dark rune of Zot
 61869 | Pan      | Received a gift from Okawaru
 61874 | Pan      | Got a fine large shield {god gift}
 61963 | Pan      | Identified the +6 large shield of Vyhew {rF++} (Okawaru gifted it to you in Pandemonium)
 61979 | Pan      | Found an exit through the horrors of the Abyss.
 62265 | Pan      | Got a demonic rune of Zot
 62892 | Pan      | Noticed a seraph
 62916 | Pan      | Killed a seraph
 62925 | Pan      | Got a flickering bone ring
 63033 | Pan      | Found a glowing golden altar of the Shining One.
 63202 | Pan      | Identified the ring "Jaceost" {rCorr *Contam +Inv rC+ rN+} (You took it off a seraph in Pandemonium)
 63208 | Pan      | Got a brightly glowing buckler
 63219 | Pan      | Identified the +2 buckler "Odghaelo" {Int+8 Dex-4 Stlth+} (You found it in Pandemonium)
 63230 | Pan      | Got an ichor-stained helmet
 63241 | Pan      | Identified the cursed +0 helmet "Cidd" {-Cast rPois Str+2 Int+4} (You found it in Pandemonium)
 63775 | Pan      | Got a brightly glowing buckler
 63891 | Pan      | Received a gift from Okawaru
 64047 | Pan      | Identified the +0 buckler "Rinlouxt" {rN+ Str+3 Stlth+} (You took it off a cherub in Pandemonium)
 65286 | Pan      | Received a gift from Okawaru
 65599 | Pan      | Found a white marble altar of Elyvilon.
 67406 | Pan      | Received a gift from Okawaru
 67776 | Pan      | Got a dazzling shield {god gift}
 67779 | Pan      | Identified the +5 shield "Tiast" {rPois} (Okawaru gifted it to you in Pandemonium)
 68424 | Pan      | Found a glowing silver altar of Zin.
 68576 | Pan      | Reached skill level 27 in Fighting
 68997 | Pan      | Entered the realm of Mnoleg.
 68999 | Pan      | Gained mutation: Your spells are a little easier to cast, but a little less powerful. [a neqoxec]
 68999 | Pan      | Gained mutation: You are covered in fur. (AC +1) [a neqoxec]
 69000 | Pan      | Gained mutation: Your magical capacity is low. (-10% MP) [a neqoxec]
 69001 | Pan      | Noticed Mnoleg
 69009 | Pan      | Gained mutation: Your magical capacity is very low. (-20% MP) [a neqoxec]
 69011 | Pan      | Gained mutation: You are very frail. (-20% HP) [a neqoxec]
 69015 | Pan      | Killed Mnoleg
 69027 | Pan      | Gained mutation: Armour fits poorly on your strangely shaped body. [a cacodemon]
 69031 | Pan      | Lost mutation: Scrolls take you a little longer to read. [a cacodemon]
 69062 | Pan      | Got a glowing rune of Zot
 69102 | Pan      | Gained mutation: You expend magic power (3 MP) to strengthen your wands. [a neqoxec]
 69104 | Pan      | Received a gift from Okawaru
 69107 | Pan      | Gained mutation: You are extremely frail. (-30% HP) [a cacodemon]
 69111 | Pan      | Gained mutation: Your magical capacity is extremely low. (-30% MP) [a cacodemon]
 69131 | Pan      | Gained mutation: You are weak. (Str -2) [a cacodemon]
 69315 | Pan      | Found an ancient bone altar of Kikubaaqudgha.
 69369 | Pan      | Received a gift from Okawaru
 69483 | Pan      | Gained mutation: Scrolls take you a little longer to read. [a neqoxec]
 69541 | Pan      | Gained mutation: You are clumsy. (Dex -2) [a neqoxec]
 69559 | Pan      | Gained mutation: Your body sometimes deteriorates upon taking damage. [a neqoxec]
 69604 | Pan      | Received a gift from Okawaru
 70195 | Pan      | Reached skill level 27 in Shields
 70275 | Pan      | Noticed Loshrodao the pandemonium lord
 70487 | Pan      | Reached skill level 5 in Stealth
 71064 | Pan      | Reached skill level 1 in Evocations
 71093 | Pan      | Received a gift from Okawaru
 71117 | Pan      | Got a twisted chain mail {god gift}
 71120 | Pan      | Identified the +7 chain mail "Jorrew" {*Corrode MR++ Str+3} (Okawaru gifted it to you in Pandemonium)
 72344 | Pan      | Found a runed door.
 73457 | Pan      | Noticed Nemit the pandemonium lord
 73472 | Pan      | Killed Nemit the pandemonium lord
 73722 | Pan      | Identified the Almanac of the Ageless Runes
 73726 | Pan      | Lost mutation: You are very dopey. (Int -4) [potion of mutation]
 73726 | Pan      | Lost mutation: Scrolls take you a little longer to read. [potion of mutation]
 73726 | Pan      | Lost mutation: Your magical capacity is extremely low. (-30% MP) [potion of mutation]
 73726 | Pan      | Lost mutation: You are weak. (Str -2) [potion of mutation]
 73726 | Pan      | Gained mutation: Your flesh is heat resistant. (rF+) [potion of mutation]
 73728 | Pan      | Lost mutation: Armour fits poorly on your strangely shaped body. [potion of mutation]
 73728 | Pan      | Lost mutation: You are extremely frail. (-30% HP) [potion of mutation]
 73728 | Pan      | Lost mutation: You are very frail. (-20% HP) [potion of mutation]
 73728 | Pan      | Gained mutation: You have a pair of small antennae on your head. [potion of mutation]
 73766 | Pan      | Learned a level 8 spell: Controlled Blink
 73945 | Pan      | Reached skill level 27 in Axes
 74021 | Pan      | Gained mutation: Your magical capacity is extremely low. (-30% MP) [a cacodemon]
 74412 | Pan      | Noticed Ufiag the pandemonium lord
 74417 | Pan      | Paralysed by a floating eye for 3 turns
 74424 | Pan      | Paralysed by a floating eye for 4 turns
 74430 | Pan      | Paralysed by a floating eye for 2 turns
 74701 | Pan      | Killed Ufiag the pandemonium lord
 74701 | Pan      | Received a gift from Okawaru
 74800 | Pan      | Received a gift from Okawaru
 75128 | Pan      | Entered the realm of Cerebov.
 75426 | Pan      | Got a translucent golden ring
 75464 | Pan      | Found an exit through the horrors of the Abyss.
 75465 | Pan      | Identified the ring "Obecwug" {rN+ Str+2 Slay+4} (You took it off a balrug in Pandemonium)
 75752 | Pan      | Received a gift from Okawaru
 75878 | Pan      | Received a gift from Okawaru
 75928 | Pan      | Noticed Cerebov
 75978 | Pan      | Killed from afar by Cerebov

Skill      XL: |  1  2  3  4  5  6  7  8  9 10 11 12 13 14 15 16 17 18 19 20 21 22 23 24 25 26 27 |
---------------+----------------------------------------------------------------------------------+-----
Axes           | 2 3 4 5 7 9 10 11 12 14 15 16 17 18 19 20 21 22 23 27 | 27.0
Fighting       | 4 5 6 7 8 9 10 11 12 13 14 16 17 18 19 20 21 22 23 27 | 27.0
Armour         | 4 5 6 7 8 9 10 11 12 13 14 15 16 20 | 20.4
Shields        | 4 5 7 8 9 11 12 13 14 15 17 18 19 20 21 22 23 27 | 27.0
Dodging        | 1 2 3 4 5 8 |  8.3
Stealth        | 1 2 3 5 |  5.0
Throwing       | 1 2 3 4 5 6 7 14 | 14.6
Invocations    | 1 2 4 |  4.0
Maces & Flails | 1 2 |  2.7
Evocations     | 2 |  2.0

Action                   |  1- 3 |  4- 6 |  7- 9 | 10-12 | 13-15 | 16-18 | 19-21 | 22-24 | 25-27 || total
-------------------------+-------+-------+-------+-------+-------+-------+-------+-------+-------++-------
Melee: War axe           |    84 |   236 |   523 |   365 |       |       |       |       |       ||  1208
       Broad axe         |       |       |       |   153 |   951 |  1159 |  1088 |   994 |  4303 ||  8648
       Morningstar       |       |       |       |     6 |    24 |       |       |       |       ||    30
       Punch             |       |       |       |       |       |       |       |       |     1 ||     1
Throw: Tomahawk          |       |       |    34 |    11 |    46 |    15 |    38 |    50 |   703 ||   897
       Throwing net      |       |       |       |       |       |       |       |       |     2 ||     2
Invok: Heroism           |       |       |     1 |    12 |     1 |     6 |       |     4 |    11 ||    35
 Abil: Fly               |       |       |       |       |     1 |     1 |       |       |     1 ||     3
       Stop Flying       |       |       |       |       |     1 |       |     1 |       |     1 ||     3
Evoke: Wand              |       |       |       |       |       |     2 |     1 |       |     8 ||    11
  Use: Scroll            |       |       |    13 |     2 |    19 |     9 |    10 |     6 |    26 ||    85
       Potion            |       |       |     1 |     4 |       |     1 |     1 |     2 |    13 ||    22
 Stab: Petrified         |       |       |       |       |       |     4 |       |       |       ||     4
       Distracted        |       |       |       |       |       |       |       |       |     7 ||     7
  Eat: Chunk             |       |     7 |    13 |    11 |    40 |    24 |    27 |    21 |    38 ||   181
       Ration            |       |       |     1 |     2 |       |     2 |     1 |       |    14 ||    20
Armor: Scale mail        |    49 |   129 |   129 |     1 |    88 |       |       |       |       ||   396
       Chain mail        |       |       |   212 |   406 |   158 |       |       |       |       ||   776
       Plate armour      |       |       |       |       |   181 |   817 |   484 |   422 |  2632 ||  4536
       Skin              |       |       |       |       |       |       |       |       |     1 ||     1
Dodge: Dodged            |    34 |    73 |   154 |   220 |   225 |   366 |   259 |   207 |  1225 ||  2763
Block: Shield            |    32 |   137 |   328 |   466 |   534 |   931 |   678 |   675 |  2821 ||  6602
       Reflection        |       |       |       |       |       |    43 |   115 |    68 |    85 ||   311
       Large shield      |       |       |       |       |       |       |       |       |   231 ||   231
